Match 45798196
Unlisted

Match 45798196
End
Kradschützen Motorcycle Team
Selects Armored Support Battlegroup
250 Light Carrier
250 Light Carrier
Panzerpioneer Squad
Construct Light Support Kompanie
Combat Half-tracks
Fire Support Elements
Selects Veteran Gunners
Selects Superior Fire Drills
Vehicle Survival Package
Advanced Field Repairs
Panzerjäger Mechanized Group
Construct Panzerarmee Kommand
Tungsten Core Ammunition
Selects Salvage Kits
Panzer III L Medium Tank
Emergency Repair Kits
Rapid Advance
Panzer III L Medium Tank
Selects Flammpanzer III Medium Tank
Advanced Optics
Panzer III L Medium Tank
Assault Mechanized Group
Selects Panzer Storm
Panzer III L Medium Tank
Selects Command Panzer IV F Medium Tank
Panzer III L Medium Tank
Assault Mechanized Group
Honey
khj
梓川枫
Zebra
SamBlips
HelloFriends :D
Araxiel
tethuya
0
0

Comments sign in to comment!

No comments posted yet!